 Dungeon Crawl Stone Soup version 0.30-a0-381-g6ea064c7b4 (webtiles) character file.

Game seed: 3618165619012988967

1512 leviel the Chopper (level 8, 0/73 HPs)
             Began as a Hill Orc Fighter on Dec 1, 2022.
             Was a Priest of Jiyva.
             Slain by an orc warrior
             ... wielding a +0 glaive
              (20 damage)
             ... on level 6 of the Dungeon.
             The game lasted 00:08:00 (4592 turns).

leviel the Chopper (Hill Orc Fighter)               Turns: 4592, Time: 00:08:00

Health: 0/73       AC: 10    Str: 23    XL:     8   Next: 83%
Magic:  8/8        EV: 13    Int: 19    God:    Jiyva [***...]
Gold:   115        SH: 10    Dex:  8    Spells: 7/7 levels left

rFire   . . .      SeeInvis .    a - +0 war axe
rCold   . . .      Faith    .    c - +0 buckler
rNeg    . . .      Spirit   .    b - +0 scale mail
rPois   +          Reflect  +    (no helmet)
rElec   .          Harm     .    (no cloak)
rCorr   +          Rampage  .    (no gloves)
Will    +....                    f - +1 pair of boots
Stlth   ..........               k - amulet of reflection
HPRegen 1.44/turn                w - ring "Komu" {rPois EV+4 Str+4 Int+3}
MPRegen 0.46/turn                d - ring of willpower

@: lethally poisoned (0 -> 0)
A: clever 2, jelly absorbing missiles, noise suppression
a: Renounce Religion, Oozemancy


You were on level 6 of the Dungeon.
You worshipped Jiyva.
Jiyva was most pleased with you.
You visited 1 branch of the dungeon, and saw 6 of its levels.
You also visited: Sewer.

You collected 203 gold pieces.
You spent 88 gold pieces at shops.

Inventory:

Hand Weapons
 a - a +0 war axe (weapon)
Missiles
 h - 12 poisoned darts (quivered)
Armour
 b - a +0 scale mail (worn)
 c - a +0 buckler (worn)
 f - a +1 pair of boots (worn)
Jewellery
 d - a ring of willpower (right hand)
 k - an amulet of reflection (around neck)
 q - a ring of resist corrosion
 w - the ring "Komu" (left hand) {rPois EV+4 Str+4 Int+3}
   (You found it on level 4 of the Dungeon)

   [ring of evasion]

   EV:        It affects your evasion (+4).
   Str:       It affects your strength (+4).
   Int:       It affects your intelligence (+3).
   rPois:     It protects you from poison.
Scrolls
 p - a scroll of enchant armour {@r2}
 s - a scroll of blinking {unknown}
 v - a scroll of amnesia {unknown}
 x - 2 scrolls of identify {@r1}
 y - a scroll of immolation {unknown}
 z - a scroll of fog
Potions
 e - 2 potions of degeneration
 g - a potion of ambrosia
 i - 3 potions of curing
 j - a potion of haste {unknown}
 l - a potion of heal wounds
 m - a potion of might
 n - a potion of cancellation {unknown}
 o - a potion of brilliance {unknown}
 r - a potion of magic {unknown}
 t - a potion of attraction {unknown}


   Skills:
 + Level 7.2 Fighting
 + Level 7.3 Axes
 + Level 1.9 Throwing
 + Level 6.6 Armour
 + Level 6.5 Shields


You had 7 spell levels left.
You didn't know any spells.
Your spell library contained the following spells:

 Spells                   Type           Power      Damage    Failure   Level
 Beastly Appendage        Tmut           0%         N/A       52%         1
 Wereblood                Tmut           0%         N/A       65%         2
 Gell's Gravitas          Tloc           0%         N/A       87%         3
 Lesser Beckoning         Tloc           0%         N/A       87%         3
 Spider Form              Tmut/Pois      0%         N/A       87%         3
 Teleport Other           Tloc           0%         N/A       87%         3
 Fireball                 Conj/Fire      0%         3d3       100%        5
 Freezing Cloud           Conj/Ice/Air   0%         6-21      100%        5
 Irradiate                Conj/Tmut      0%         3d11      100%        5
 Lightning Bolt           Conj/Air       0%         1d11      100%        5


Dungeon Overview and Level Annotations

Branches:
Dungeon (6/15)              Sewer (visited)
 Temple: D:4-7

Altars:
Sif Muna
Wu Jian

Shops:
D:3 *!(


Innate Abilities, Weirdness & Mutations

Your mind is very acute. (Int +8, Str/Dex -2)
You have a small jelly attached to you that may absorb projectiles.
You passively dampen the noise of your surroundings.


Message History

You feel sick.
The orc priest shouts, "Join the one true god or die!"
The orc priest hits you with a +0 trident of venom.
You block the orc warrior's attack.
You slash the orc priest!
The orc priest is heavily wounded.
The orc priest threatens, "By the altar or by the axe, you will meet Beogh!"
You hit the orc.
You kill the orc!
You feel sick. You block the orc warrior's attack.
You block the orc priest's attack.
You barely miss the orc priest.
The orc priest is heavily wounded.
You feel sick. You block the orc warrior's attack.
The orc priest hits you but does no damage.
You are more poisoned.
You slash the orc priest!
You kill the orc priest!
You feel very sick.
The orc warrior hits you from afar with a +0 glaive!
* * * LOW HITPOINT WARNING * * *
You feel sick. The orc warrior closely misses you.
Things that are here:
a +0 whip; a +0 chain mail You hit the orc warrior but do no damage.
The orc warrior is severely wounded.
You feel sick. The orc warrior closely misses you.
You hit the orc warrior but do no damage.
The orc warrior is severely wounded.
You feel sick. The orc warrior barely misses you.
You closely miss the orc warrior.
The orc warrior is severely wounded.
You barely miss the phantom.
You feel sick. The orc warrior completely misses you.
You block the phantom's attack. The phantom barely misses you.
You block the orc warrior's attack.
You barely miss the orc warrior.
The orc warrior is severely wounded.
You hit the phantom but do no damage.
You feel sick.
The orc warrior hits you with a +0 glaive!!
You die...

.....>.......! ...
...##.####...# #.#
...##.# #...# #.#
...##.# #...# #.#
###.#.# ##...# #.#
# #... ....# #.#
#.#####..# #.#
#....##..####W#
##.##.......)@)# #
##..#####....o....#
###.#.#
##########.#
...##.# .# #####.#
#.# #.# #.. ##.


You could see an orc warrior and a phantom.

Vanquished Creatures
  Eustachio (D:5)
  A centaur (D:5)
  A kobold brigand (D:3)
  2 phantoms (D:4)
  A bullfrog (D:6)
  A necrophage (D:5)
  4 scorpions
  3 wights (D:5)
  2 jellies (Sewer)
  A gnoll bouda (D:5)
  2 orc priests
  3 hounds (D:4)
  4 iguanas (D:4)
  13 gnolls
  3 river rats (Sewer)
  7 adders
  2 ufetubi (D:5)
  3 worms
  3 dart slugs
  4 orcs
  10 ball pythons
  10 endoplasms
  5 giant cockroaches
  9 goblins
  9 hobgoblins
  4 jackals
  9 kobolds
  3 quokkas
  7 bats
  5 frilled lizards
  5 rats
  A spectral goblin (D:2)
138 creatures vanquished.

Vanquished Creatures (others)
  A phantom (D:5)
  A gnoll sergeant (D:4)
  8 jellies
  A hound (D:4)
  An iguana (D:5)
  4 gnolls
  2 adders (D:5)
  An endoplasm (D:4)
  An orc (D:4)
  A bat (D:3)
  2 goblins
  A jackal (D:4)
  2 kobolds (D:4)
  A rat (D:3)
  49 plants (D:4)
76 creatures vanquished.

Grand Total: 214 creatures vanquished

Notes
Turn   | Place    | Note
-------+----------+-------------------------------------------
     0 | D:1      | leviel the Hill Orc Fighter began the quest for the Orb.
     0 | D:1      | Reached XP level 1. HP: 19/19 MP: 1/1
    73 | D:1      | Reached XP level 2. HP: 20/27 MP: 2/2
  1017 | D:2      | Reached XP level 3. HP: 33/33 MP: 3/3
  1073 | D:2      | Found a faded altar of an unknown god.
  1863 | D:3      | Found Tenutu's Antique Weapon Boutique.
  1900 | D:3      | Found Aracyutt's Distillery.
  1900 | D:3      | Noticed a kobold brigand
  1910 | D:3      | Killed a kobold brigand
  1911 | D:3      | Reached XP level 4. HP: 39/41 MP: 4/4
  1911 | D:3      | Reached XP level 5. HP: 45/47 MP: 5/5
  1921 | D:3      | Bought a potion of curing for 33 gold pieces
  1921 | D:3      | Bought a potion of heal wounds for 55 gold pieces
  1946 | D:3      | Found a glowing drain.
  1962 | Sewer    | Entered a sewer
  2151 | Sewer    | Reached skill level 5 in Fighting
  2162 | Sewer    | Found a viscous altar of Jiyva.
  2168 | Sewer    | Reached XP level 6. HP: 46/56 MP: 6/6
  2213 | Sewer    | Became a worshipper of Jiyva Juideit the Shapeless
  2456 | D:3      | Found a shimmering blue altar of Sif Muna.
  2508 | D:3      | Found Coqel's General Store.
  2768 | D:4      | Reached skill level 5 in Axes
  2804 | D:4      | Reached skill level 5 in Armour
  2820 | D:4      | Reached skill level 5 in Shields
  2820 | D:4      | Reached XP level 7. HP: 51/61 MP: 7/7
  2834 | D:4      | Reached * piety under Jiyva
  2836 | D:4      | Identified the ring "Komu" {rPois EV+4 Str+4 Int+3}
  3305 | D:4      | Reached ** piety under Jiyva
  3394 | D:4      | Reached XP level 8. HP: 69/71 MP: 8/8
  3645 | D:5      | Entered Level 5 of the Dungeon
  3704 | D:5      | Noticed Eustachio
  3723 | D:5      | Killed Eustachio
  3906 | D:5      | Reached *** piety under Jiyva
  3925 | D:5      | Found an ornate altar of the Wu Jian Council.
  3932 | D:5      | Reached skill level 1 in Throwing
  3996 | D:5      | Gained mutation: Your mind is acute. (Int +4, Str/Dex -1)
                  | [Jiyva's grace]
  3996 | D:5      | Gained mutation: Your mind is very acute. (Int +8, Str/Dex
                  | -2) [Jiyva's grace]
  3996 | D:5      | Gained mutation: You have a small jelly attached to you
                  | that may absorb projectiles. [Jiyva's grace]
  3996 | D:5      | Gained mutation: You passively dampen the noise of your
                  | surroundings. [Jiyva's grace]
  4069 | D:5      | Identified the +4 ring mail of Integrity {rPois Str+6}
  4324 | D:5      | Got the Disquisition on the Impact
  4592 | D:6      | Slain by an orc warrior

Illustrated notes

Levels and vault maps discovered:
D:1:      dreamdust_arrival_sigmund_warning, layout_basic, minmay_crystal_room
D:2:      minmay_kobold_bridge, layout_basic,
          dreamdust_ecumenical_altar_drowned_temple
D:3:      layout_basic, mainiacjoe_overflow_cross_hatched, portal_sewer_entry_a,
          serial_shops, nicolae_shop_hallway_plus, nicolae_diamond_shop, shop
D:4:      minmay_clustersquares, layout_basic, serial_bayou_lagoon_a,
          minmay_hedge_maze, kennysheep_generic_room_6
D:5:      layout_gridville, nicolae_wu_jian_wuxing_cycle, uniq_eustachio
D:6:      layout_loops_ring, minmay_temple_entry_butterflies,
          uniq_crazy_yiuf_cottage

Skill      XL: |  1  2  3  4  5  6  7  8 |
---------------+-------------------------+-----
Axes           | 3 4 5 6 7 |  7.3
Fighting       | 4 5 6 7 |  7.2
Armour         | 4 5 6 |  6.6
Shields        | 4 5 6 |  6.5
Throwing       | 1 |  1.9

Action                   |  1- 3 |  4- 6 |  7- 9 || total
-------------------------+-------+-------+-------++-------
Melee: War axe           |    93 |   109 |   204 ||   406
Throw: Dart              |       |       |     1 ||     1
  Use: Scroll            |    10 |       |     1 ||    11
       Potion            |     1 |       |     1 ||     2
Armor: Scale mail        |    45 |    46 |    65 ||   156
Dodge: Dodged            |    46 |    46 |   126 ||   218
Block: Buckler           |    31 |    51 |   134 ||   216
       Reflection        |     1 |     1 |     4 ||     6

Table legend: (Time is in decaauts)
 A = Elapsed time spent in this place.
 B = Non-inter-level travel time spent in this place.
 C = Inter-level travel time spent in this place.
 D = Time resting spent in this place.
 E = Time spent auto-exploring this place.
 F = Levels seen in this place.
 G = Mean time per level.
                   A        B        C        D        E       F      G
               +--------+--------+--------+--------+--------+-----+--------+
         Total |   4745 |   4530 |    215 |    291 |   3218 |   7 |  677.9 |
       Dungeon |   4407 |   4192 |    215 |    291 |   3004 |   6 |  734.5 |
         Sewer |    338 |    338 |      0 |      0 |    214 |   1 |  338.0 |
               +--------+--------+--------+--------+--------+-----+--------+

Top non-repeatable levels by time:
     D:2: 1156 daAuts
     D:4: 958 daAuts
     D:5: 900 daAuts
     D:1: 744 daAuts
     D:3: 580 daAuts
   Sewer: 338 daAuts
     D:6: 66 daAuts
